 Dungeon Crawl Stone Soup version 0.31-a0-1467-g53b6572822 (webtiles) character file.

Game seed: 3021372981450173977

541 mopl the Chopper (level 7, 0/53 HPs)
             Began as a Formicid Warper on Dec 28, 2023.
             Slain by an orc
             ... wielding a +0 flail
              (1 damage)
             ... on level 4 of the Dungeon.
             The game lasted 00:03:16 (4202 turns).

mopl the Chopper (Formicid Warper)                  Turns: 4202, Time: 00:03:17

Health: 0/53       AC:  4    Str: 16    XL:     7   Next: 51%
Magic:  10/10      EV: 13    Int: 14    God:
Gold:   185        SH:  0    Dex: 13    Spells: 10/10 levels left

rFire   . . .        o - +3 dagger (drain)
rCold   . . .        (no shield)
rNeg    . . .        e - +2 robe {Will+}
rPois   .            (helmet unavailable)
rElec   .            (no cloak)
rCorr   .            (no gloves)
SInv    +            (no boots)
Will    +....        (no amulet)
Stlth   +            (no ring)
HPRegen 0.28/turn    (no ring)
MPRegen 0.12/turn

%: no passive effects
@: no status effects
A: permanent stasis, dig shafts and tunnels, antennae 3, four strong arms
a: Dig, Shaft Self


You were on level 4 of the Dungeon.
You visited 1 branch of the dungeon, and saw 4 of its levels.

You collected 185 gold pieces.

Inventory:

Hand Weapons
 a - a +0 hand axe
 o - a +3 dagger of draining (weapon)
Missiles
 c - 7 darts of dispersal (quivered)
 i - 6 boomerangs
 k - 6 curare-tipped darts
 t - 4 poisoned darts
Armour
 e - a +2 robe of willpower (worn)
 f - a +0 scale mail
Jewellery
 h - a ring of fire
Wands
 m - a wand of iceblast (5)
 u - a wand of flame (41)
Scrolls
 b - a scroll of fear {unknown}
 d - 2 scrolls of noise {unknown}
 g - 4 scrolls of identify {unknown}
 j - a scroll of butterflies {unknown}
 q - 3 scrolls of fog {unknown}
 s - a scroll of vulnerability {unknown}
 w - a scroll of enchant armour {unknown}
Potions
 l - a potion of curing {unknown}
 n - 2 potions of attraction {unknown}
 p - a potion of ambrosia {unknown}
 r - a potion of cancellation {unknown}
 v - 2 potions of mutation {unknown}


   Skills:
 + Level 3.8 Fighting
 * Level 4.8 Axes
 - Level 1.0 Throwing
 + Level 3.3 Armour
 + Level 3.1 Dodging
 - Level 2.1 Spellcasting
 + Level 3.8 Translocations


You had 10 spell levels left.
You didn't know any spells.
Your spell library contained the following spells:

 Spells                   Type           Power      Damage    Failure   Level
 Lesser Beckoning         Tloc           24%        N/A       8%          2
 Teleport Other           Tloc           12%        N/A       14%         3
 Foxfire                  Conj/Fire      4%         2x1d4     24%         1
 Manifold Assault         Tloc           12%        N/A       43%         4
 Plasma Beam              Fire/Air       0%         2x1d10    100%        6
 Starburst                Conj/Fire      0%         6d3       100%        6
 Blink                    Tloc           Unusable   N/A       N/A         2
 Vhi's Electric Charge    Tloc/Air       Unusable   N/A       N/A         4

Dungeon Overview and Level Annotations

Branches:
Dungeon (4/15)
 Temple: D:4-7

Altars:

Shops:
D:2 =


Innate Abilities, Weirdness & Mutations

You cannot be hasted, slowed, berserked, paralysed or teleported.
You can dig through walls and to a lower floor.
You have a pair of large antennae on your head. (SInv)
Your four strong arms can wield two-handed weapons with a shield.


Message History

The orc hits you with a +0 flail. The orc wizard misses you.
The orc barely misses you.
You barely miss the orc wizard.
The orc wizard is heavily wounded.
The orc closely misses you. The orc wizard barely misses you.
The orc hits you but does no damage.
You hit the orc wizard but do no damage.
You drain the orc wizard.
The orc wizard is severely wounded.
The orc hits you with a +0 flail.
The orc wizard hits you but does no damage.
The orc closely misses you.
You closely miss the orc wizard.
The orc wizard is severely wounded.
The orc barely misses you.
The orc wizard points at you and mumbles some strange words.
The puff of flame hits you!
* * * LOW HITPOINT WARNING * * *
The orc barely misses you.
You hit the orc wizard. You drain the orc wizard.
You kill the orc wizard!
The orc hits you but does no damage. The orc barely misses you.
Unknown command.
You hit the orc but do no damage. You drain the orc.
The orc is moderately wounded.
The orc misses you. The orc closely misses you.
You hit the orc but do no damage. You drain the orc.
The orc is severely wounded.
The orc hits you with a +0 mace.
* * * LOW HITPOINT WARNING * * *
The orc barely misses you.
You barely miss the orc.
The orc is severely wounded.
The orc hits you with a +0 mace.
* * * LOW HITPOINT WARNING * * *
The orc closely misses you.
You hit the orc.
You kill the orc!
The orc hits you with a +0 flail.
You die...

###...#
##..##
##..##
##..##
#...##
##...##
#....##
##....##
#)@)..#
##)o.....#
#......##
#......#
......##
........
.........
......####


You could see an orc.

Vanquished Creatures
  Edmund (D:3)
  A howler monkey (D:4)
  An orc priest (D:3)
  Jessica (D:2)
  Terence (D:3)
  4 orc wizards
  Natasha (thrice) (D:2)
  4 gnolls
  4 adders
  2 worms (D:2)
  A dart slug (D:4)
  6 orcs
  8 ball pythons
  A bat (D:3)
  5 endoplasms
  2 giant cockroaches
  7 hobgoblins
  5 kobolds
  A quokka (D:1)
  4 goblins
  6 rats
68 creatures vanquished.

Notes
Turn   | Place    | Note
-------+----------+-------------------------------------------
     0 | D:1      | mopl the Formicid Warper began the quest for the Orb.
     0 | D:1      | Reached XP level 1. HP: 16/16 MP: 3/3
   287 | D:1      | Found a faded altar of an unknown god.
   297 | D:1      | Reached XP level 2. HP: 20/22 MP: 5/5
   663 | D:2      | Reached skill level 2 in Dodging
   663 | D:2      | Reached XP level 3. HP: 25/28 MP: 6/6
   730 | D:2      | Noticed Jessica
   742 | D:2      | Killed Jessica
   743 | D:2      | Reached skill level 3 in Axes
   743 | D:2      | Reached skill level 3 in Translocations
   743 | D:2      | Reached XP level 4. HP: 31/34 MP: 7/7
   905 | D:2      | Noticed Natasha
   915 | D:2      | Killed Natasha
   916 | D:2      | Reached skill level 2 in Armour
  1027 | D:2      | Found Fege's Jewellery Emporium.
  1219 | D:2      | Noticed Natasha
  1226 | D:2      | Killed Natasha
  1227 | D:2      | Reached XP level 5. HP: 40/40 MP: 8/8
  1598 | D:2      | Found Fege's Jewellery Emporium.
  2046 | D:2      | Noticed Natasha
  2053 | D:2      | Killed Natasha
  2054 | D:2      | Reached skill level 3 in Fighting
  2231 | D:2      | Found Fege's Jewellery Emporium.
  2584 | D:3      | Reached XP level 6. HP: 47/47 MP: 9/9
  2947 | D:3      | Noticed Terence
  2965 | D:3      | Killed Terence
  3194 | D:3      | Reached skill level 4 in Axes
  3569 | D:4      | Noticed Edmund
  3604 | D:3      | Killed Edmund
  3605 | D:3      | Reached skill level 3 in Armour
  3605 | D:3      | Reached skill level 3 in Dodging
  3605 | D:3      | Reached XP level 7. HP: 18/52 MP: 10/10
  4201 | D:4      | HP: 1/53 [orc/+0 mace (4)]
  4202 | D:4      | Slain by an orc

Illustrated notes

Levels and vault maps discovered:
D:1:      nzn_arrival_crosshair, layout_basic, chequers_ecumenical_altar_simple,
          dreamdust_mushroom_princess
D:2:      layout_loops_ring, serial_shops, nicolae_shop_statue_plus,
          uniq_jessica, uniq_natasha
D:3:      layout_loops_corners, uniq_terence
D:4:      layout_cave_pods, uniq_edmund

Skill      XL: |  1  2  3  4  5  6 |
---------------+-------------------+-----
Dodging        | 2 3 |  3.1
Axes           | 3 4 |  4.8
Translocations | 3 |  3.8
Armour         | 2 3 |  3.3
Fighting       | 3 |  3.8
Throwing       | |  1.0
Spellcasting   | |  2.1

Action                     |  1- 3 |  4- 6 |  7- 9 || total
---------------------------+-------+-------+-------++-------
  Melee: Hand axe          |    54 |       |       ||    54
         Dagger            |       |   161 |    65 ||   226
         Punch             |       |     1 |     2 ||     3
  Throw: Dart              |     1 |       |       ||     1
Ability: Dig               |       |       |     1 ||     1
    Use: Potion            |     1 |       |       ||     1
 Armour: Leather armour    |     7 |       |       ||     7
         Robe              |    25 |    82 |    41 ||   148
  Dodge: Dodged            |    34 |    81 |    69 ||   184

Table legend: (Time is in decaauts)
 A = Elapsed time spent in this place.
 B = Non-inter-level travel time spent in this place.
 C = Inter-level travel time spent in this place.
 D = Time resting spent in this place.
 E = Time spent auto-exploring this place.
 F = Levels seen in this place.
 G = Mean time per level.
                   A        B        C        D        E       F      G
               +--------+--------+--------+--------+--------+-----+--------+
         Total |   4212 |   4081 |    131 |    578 |   2868 |   4 | 1053.0 |
       Dungeon |   4212 |   4081 |    131 |    578 |   2868 |   4 | 1053.0 |
               +--------+--------+--------+--------+--------+-----+--------+

Top non-repeatable levels by time:
     D:2: 1760 daAuts
     D:3: 1300 daAuts
     D:1: 646 daAuts
     D:4: 504 daAuts
